 Dungeon Crawl Stone Soup version 0.26.0-16-gc1dbca0489 (webtiles) character file.

Game seed: 17450249608832689591

21764 snetch the Spear-Bearer (level 12, -15/154 (165) HPs)
             Began as a Minotaur Berserker on Jan 21, 2021.
             Was a High Priest of Trog.
             Killed from afar by a vampire mage (35 damage)
             ... with a bolt of negative energy
             ... on level 14 of the Dungeon.
             The game lasted 00:52:00 (13893 turns).

snetch the Spear-Bearer (Minotaur Berserker)       Turns: 13893, Time: 00:52:01

HP:   -15/154 (165) AC: 22    Str: 26    XL:     12   Next: 57%
MP:   11/11         EV: 14    Int:  4    God:    Trog [*****.]
Gold: 756           SH:  0    Dex: 11    Spells: 11/11 levels left

rFire    . . .     SeeInvis +   a - +3 broad axe (vorpal)
rCold    . . .     Faith    +   (no shield)
rNeg     . . .     Spirit   .   J - +0 plate armour
rPois    .         Reflect  .   (helmet restricted)
rElec    .         Harm     .   P - +0 cloak
rCorr    .         Rampage  .   h - +0 pair of gloves
Will     ++...                  U - +2 pair of boots
Stlth    ..........             X - amulet of faith
HPRegen  1.35/turn              Q - +4 ring of evasion
MPRegen  0.12/turn              R - ring of see invisible

@: berserking, regenerating, drained, very quick
A: retaliatory headbutt, horns 2
a: Renounce Religion, Berserk, Trog's Hand, Brothers in Arms


You were on level 14 of the Dungeon.
You worshipped Trog.
Trog was extremely pleased with you.
You visited 2 branches of the dungeon, and saw 15 of its levels.
You also visited: Sewer.

You collected 756 gold pieces.

Inventory:

Hand Weapons
 a - a +3 vorpal broad axe (weapon)
 b - the +3 sling "Punk" {acid, rCorr}
   (You found it on level 9 of the Dungeon)

   It provides partial protection from all sources of acid and corrosion.
 c - a +2 vorpal halberd
 d - a +3 flail
 x - a +0 battleaxe
 B - a +0 trident
 O - a +4 quarterstaff of chaos
Missiles
 p - 347 stones
 q - 304 arrows
 v - 62 poisoned darts
 F - 13 boomerangs
 G - 39 bolts
 L - 38 sling bullets
 Z - 4 atropa-tipped darts
Armour
 h - a +0 pair of gloves (worn)
 J - a +0 plate armour (worn)
 P - a +0 cloak (worn)
 U - a +2 pair of boots (worn)
Jewellery
 Q - a +4 ring of evasion (left hand)
 R - a ring of see invisible (right hand)
 T - a +6 ring of intelligence
 X - an amulet of faith (around neck)
Wands
 w - a wand of paralysis (13)
 H - a wand of acid (13)
 I - a wand of digging (17)
 M - a wand of enslavement (12)
Scrolls
 e - a scroll of vulnerability {unknown}
 k - 6 scrolls of teleportation {unknown}
 o - a scroll of enchant armour {unknown}
 r - 5 scrolls of amnesia {unknown}
 s - 7 scrolls of remove curse {unknown}
 t - 8 scrolls of identify {unknown}
 y - a scroll of fog {unknown}
 C - 3 scrolls of fear {unknown}
 D - a scroll of noise {unknown}
 E - 2 scrolls of enchant weapon {unknown}
 K - 5 scrolls of blinking {unknown}
 S - a scroll of immolation {unknown}
 W - 2 scrolls of holy word {unknown}
 Y - a scroll of silence {unknown}
Potions
 g - a potion of resistance {unknown}
 i - a potion of ambrosia {unknown}
 j - a potion of mutation {unknown}
 l - 6 potions of heal wounds {unknown}
 m - 5 potions of magic {unknown}
 n - 5 potions of curing {unknown}
 u - 3 potions of attraction {unknown}
 z - 2 potions of might {unknown}
 A - 3 potions of haste {unknown}
 V - a potion of invisibility {unknown}
Miscellaneous
 N - a condenser vane


   Skills:
 + Level 11.1 Fighting
 + Level 10.5(14.8) Axes
 + Level 9.0(11.1) Maces & Flails
 - Level 14.9(16.0) Polearms
 + Level 12.1 Armour
 + Level 6.1 Dodging
 + Level 2.5 Stealth
 - Level 4.0 Shields


You had 11 spell levels left.
You didn't know any spells.
Your spell library contained the following spells:

 Spells                   Type           Power        Failure   Level
 Animate Skeleton         Necr           0%           99%         1
 Apportation              Tloc           0%           99%         1
 Beastly Appendage        Tmut           0%           99%         1
 Corona                   Hex            0%           99%         1
 Pain                     Necr           0%           99%         1
 Summon Small Mammal      Summ           0%           99%         1
 Corpse Rot               Necr/Air       N/A          100%        2
 Sublimation of Blood     Necr           0%           100%        2
 Wereblood                Tmut           0%           100%        2
 Confusing Touch          Hex            0%           100%        3
 Gell's Gravitas          Tloc           0%           100%        3
 Spider Form              Tmut/Pois      0%           100%        3
 Vampiric Draining        Necr           0%           100%        3
 Animate Dead             Necr           0%           100%        4
 Dispel Undead            Necr           0%           100%        4
 Ice Form                 Ice/Tmut       0%           100%        4
 Petrify                  Tmut/Erth      0%           100%        4
 Agony                    Necr           0%           100%        5
 Blade Hands              Tmut           0%           100%        5
 Excruciating Wounds      Necr           0%           100%        5
 Metabolic Englaciation   Hex/Ice        0%           100%        5
 Yara's Violent Unravell  Hex/Tmut       0%           100%        5


Dungeon Overview and Level Annotations

Branches:
Dungeon (15/15)            Temple (1/1) D:5            Lair (0/6) D:10
  Sewer (visited)
    Orc: D:9-12      Vaults: D:13-14     Depths: D:15

Altars:
Ashenzari
Cheibriados
Dithmenos
Elyvilon
Fedhas
Gozag
Hepliaklqana
Kikubaaqudgha
Makhleb
Nemelex Xobeh
Okawaru
Qazlal
Ru
Sif Muna
Trog
Uskayaw
Vehumet
Wu Jian
Xom
Yredelemnul
Zin
The Shining One
Beogh

Annotations:
D:3 hatch behind water
D:7 scrolls behind grate, freezing vapor corridor for gold


Innate Abilities, Weirdness & Mutations

You reflexively headbutt those who attack you in melee.
You have a pair of horns on your head.


Message History

There is a stone staircase leading down here.
Unknown command.
A red film seems to cover your vision as you go berserk!
You feel yourself moving faster!
You feel mighty! The vampire mage barely misses you. You furiously retaliate!
You headbutt the vampire mage, but do no damage.
The vampire mage bites you but does no damage.
The orc knight hits you but does no damage.
You hit the orc knight but do no damage.
Your headbutt misses the orc knight.
The orc knight is lightly wounded.
You hit the vampire mage.
The orc knight's soul is no longer bound.
Unknown command.
You slice the orc knight!!
The orc knight is heavily wounded.
You slash the vampire mage!
The vampire mage points at you and mumbles some strange words.
The bolt of negative energy hits you!!
You feel drained.
You die...

......# #...# #................
......# #...# #.^..........####
......# #...# #............####
......###...#####................
.................................
............###+#####+###.......#
............#...........#........
#######.....#...........#........
#######.....#..V@.......#........
............#..o........#........
.................................
#####'######.#.###.###.#.........
.............#. .# #.........
.............## .# .........
............... . .........
.............## # .........
############.# #.........


You could see an orc knight and a vampire mage (invisible).

Vanquished Creatures
  A boulder beetle (D:14)
  A centaur warrior (D:15)
  3 two-headed ogres
  2 unseen horrors
  A necromancer (D:15)
  3 manticores
  An ugly thing (D:9)
  Maurice (D:9)
  2 gargoyles (D:9)
  Maggie (D:6)
  2 centaur skeletons
  4 kobold demonologists (D:15)
  A komodo dragon (D:12)
  3 trolls
  4 hornets
  Grinder (D:6)
  Prince Ribbit (D:9)
  3 slime creatures (D:15)
  An elf zombie (D:15)
  A vampire (D:15)
  A wyvern (D:8)
  21 yaks
  2 vampire mosquitoes (D:14)
  A basilisk (D:15)
  4 water moccasins
  3 sky beasts
  5 orc warriors
  4 ice beasts
  5 black bears
  4 phantoms
  3 ogres
  3 centaurs
  Blork the orc (D:3)
  8 big kobolds
  6 bullfrogs
  A gnoll sergeant (D:8)
  3 scorpions
  A water moccasin skeleton (D:7)
  4 killer bees (D:8)
  6 howler monkeys
  6 hounds
  2 quasits
  Crazy Yiuf (D:6)
  2 centaur zombies
  5 orc priests
  15 orc wizards
  2 bullfrog skeletons
  3 iguanas
  10 worker ants
  A hound zombie (D:6)
  A hound skeleton (D:4)
  25 adders
  10 gnolls
  A howler monkey zombie (D:10)
  5 river rats
  2 white imps
  2 ufetubi
  8 oozes
  5 adder skeletons
  10 worms
  2 dart slugs (D:2)
  6 leopard geckos
  60 orcs
  3 ball pythons
  5 bats
  5 giant cockroaches
  3 goblins (D:3)
  5 hobgoblins
  14 jackals
  15 kobolds
  5 quokkas
  2 frilled lizards
  A jackal skeleton (D:5)
  A leopard gecko skeleton (D:9)
  A quokka skeleton (D:4)
  5 rats
372 creatures vanquished.

Vanquished Creatures (others)
  24 fungi (D:10)
  14 plants (D:10)
  3 withered plants (D:15)
41 creatures vanquished.

Grand Total: 413 creatures vanquished

Notes
Turn   | Place    | Note
-------+----------+-------------------------------------------
     0 | D:1      | snetch the Minotaur Berserker began the quest for the Orb.
     0 | D:1      | Reached XP level 1. HP: 19/19 MP: 0/0
   130 | D:2      | Reached XP level 2. HP: 26/27 MP: 1/1
   354 | D:1      | Found a broken altar of Ashenzari.
   684 | D:2      | Reached XP level 3. HP: 23/34 MP: 2/2
   913 | D:2      | Found a blossoming altar of Fedhas.
  1048 | D:2      | Reached skill level 1 in Maces & Flails
  1053 | D:2      | Reached XP level 4. HP: 25/41 MP: 3/3
  1567 | D:3      | Found an opulent altar of Gozag.
  1615 | D:3      | Reached ** piety under Trog
  1903 | D:3      | Reached XP level 5. HP: 8/47 MP: 4/4
  2463 | D:4      | Found a shadowy altar of Dithmenos.
  2555 | D:4      | Reached skill level 5 in Fighting
  2559 | D:4      | Reached skill level 1 in Stealth
  2564 | D:4      | Reached skill level 1 in Shields
  2564 | D:4      | Reached XP level 6. HP: 28/56 MP: 5/5
  2617 | D:4      | Found a glowing drain.
  2643 | Sewer    | Entered a sewer
  2784 | Sewer    | Reached XP level 7. HP: 58/61 MP: 6/6
  2903 | Sewer    | Reached *** piety under Trog
  3140 | Sewer    | Reached skill level 5 in Maces & Flails
  3348 | D:5      | Entered Level 5 of the Dungeon
  3741 | D:3      | Found a faded altar of an unknown god.
  3903 | D:3      | Noticed Blork the orc
  3922 | D:3      | Killed Blork the orc
  3954 | D:3      | Found a shimmering blue altar of Sif Muna.
  4292 | D:4      | Found a hazy altar of Hepliaklqana.
  4421 | D:4      | Reached skill level 5 in Armour
  4421 | D:4      | Reached XP level 8. HP: 70/70 MP: 7/7
  4695 | D:5      | Reached **** piety under Trog
  4698 | D:5      | Found a radiant altar of Vehumet.
  4876 | D:5      | Found a bloodstained altar of Trog.
  4966 | D:6      | Noticed Maggie
  4971 | D:6      | Reached skill level 1 in Polearms
  4983 | D:6      | Killed Maggie
  5030 | D:6      | Reached skill level 5 in Dodging
  5044 | D:6      | Noticed Grinder
  5067 | D:6      | Reached skill level 2 in Polearms
  5067 | D:6      | Killed Grinder
  5068 | D:6      | Reached XP level 9. HP: 62/78 MP: 8/8
  5343 | D:5      | Found a staircase to the Ecumenical Temple.
  5375 | Temple   | Entered the Ecumenical Temple
  5785 | D:6      | Killed an unseen horror
  5812 | D:7      | Found a stormy altar of Qazlal.
  5826 | D:5      | Found a broken altar of Ashenzari.
  6326 | D:6      | Found a runed translucent door.
  6327 | D:6      | Noticed Crazy Yiuf
  6332 | D:6      | Killed Crazy Yiuf
  6472 | D:7      | Found a glowing silver altar of Zin.
  6620 | D:7      | Found an iron altar of Okawaru.
  6750 | D:7      | Reached skill level 3 in Polearms
  7162 | D:7      | Found a shadowy altar of Dithmenos.
  7801 | D:7      | Reached skill level 4 in Polearms
  7801 | D:7      | Reached XP level 10. HP: 68/88 MP: 9/9
  8163 | D:8      | Noticed a two-headed ogre
  8171 | D:8      | Killed a two-headed ogre
  8172 | D:8      | Reached skill level 6 in Polearms
  8295 | D:9      | Reached skill level 7 in Polearms
  8295 | D:9      | Reached skill level 10 in Armour
  8296 | D:9      | Reached ***** piety under Trog
  8301 | D:9      | Noticed a cyan ugly thing
  8407 | D:8      | Noticed a two-headed ogre
  8421 | D:8      | Killed a two-headed ogre
  8422 | D:8      | Reached skill level 8 in Polearms
  8669 | D:8      | Reached skill level 9 in Polearms
  8715 | D:9      | Found a large runed translucent door.
  8715 | D:9      | Found a large runed translucent door.
  8715 | D:9      | Noticed a gargoyle
  8734 | D:9      | Found a large runed translucent door.
  8734 | D:9      | Found a large runed translucent door.
  8920 | D:8      | Received a gift from Trog
  9245 | D:8      | Reached skill level 10 in Polearms
  9953 | D:10     | Entered Level 10 of the Dungeon
 10135 | D:9      | Found the +3 sling "Punk" {acid, rCorr}
 10309 | D:9      | Noticed Maurice
 10310 | D:9      | Noticed Prince Ribbit
 10321 | D:9      | Killed Maurice
 10322 | D:9      | Reached skill level 11 in Polearms
 10331 | D:9      | Killed Prince Ribbit
 10332 | D:9      | Reached XP level 11. HP: 74/95 MP: 10/10
 10448 | D:9      | Reached skill level 12 in Polearms
 10484 | D:9      | Found an opulent altar of Gozag.
 10484 | D:9      | Found a shimmering altar of Xom.
 10486 | D:9      | Found an ancient bone altar of Kikubaaqudgha.
 10651 | D:9      | Killed a cyan ugly thing
 10732 | D:9      | Reached skill level 13 in Polearms
 11082 | D:10     | Received a gift from Trog
 11113 | D:10     | Found a staircase to the Lair.
 11269 | D:10     | Reached skill level 14 in Polearms
 11387 | D:10     | Reached skill level 5 in Axes
 11614 | D:11     | Reached skill level 10 in Fighting
 11798 | D:10     | Found a runed translucent door.
 12333 | D:10     | Received a gift from Trog
 12398 | D:10     | Found a roughly hewn altar of Beogh.
 12923 | D:11     | You fall into a shaft and drop 3 floors!
 12937 | D:14     | Paralysed by a hornet for 3 turns
 12944 | D:14     | Killed an unseen horror
 12945 | D:14     | Reached XP level 12. HP: 42/107 MP: 11/11
 13414 | D:14     | Noticed a boulder beetle
 13501 | D:14     | Killed a boulder beetle
 13527 | D:15     | Entered Level 15 of the Dungeon
 13677 | D:15     | Noticed a centaur warrior
 13683 | D:15     | Noticed a two-headed ogre
 13691 | D:15     | Killed a centaur warrior
 13693 | D:15     | Killed a two-headed ogre
 13832 | D:15     | Reached skill level 10 in Axes
 13861 | D:15     | Found a shimmering altar of Xom.
 13861 | D:15     | Noticed a centaur warrior
 13866 | D:15     | Noticed a vampire mage
 13893 | D:14     | Killed from afar by a vampire mage

Illustrated notes

Levels and vault maps discovered:
D:1:      onia_arrival_mini_spirals, layout_loops_ring, nrook_uturn,
          evilmike_ruin_ashenzari
D:2:      layout_basic, old_standard_altar, hangedman_decor_slide_cut
D:3:      minmay_skewed_foursquare, layout_loops_ring, tgw_sif,
          chequers_ecumenical_altar_simple, grunt_decor_mini_mirrors,
          grunt_gozag_statues
D:4:      black_bear_nest_1, layout_basic, nicolae_overflow_crystal_walls,
          nzn_hepliaklqana_mist_gate, portal_sewer_entry_c
D:5:      layout_cave_pools, nicolae_overflow_hidden_temple,
          lemuel_crystal_altar, minmay_temple_entry_hall, grunt_tough_drop
D:6:      layout_cave_pools, minmay_manual_monstrance, uniq_grinder,
          uniq_maggie, uniq_crazy_yiuf_cottage
D:7:      lemuel_ice_spiral_2, layout_basic, okawaru_ov_weapons_minmay,
          lemuel_doored_altar, zin_scriptorium, basic_altar
D:8:      layout_basic, lemuel_flamethrower_1
D:9:      layout_layer_cave, minitemple, minmay_hollow_rounded_squares,
          uniq_maurice, uniq_prince_ribbit1
D:10:     layout_stronghold, due_lair_maze_entry_diamond,
          lightli_church_of_beogh
D:11:     layout_loops_corners
D:12:     layout_roguey, orc_0_dummy, elyvilon_altar_4
D:14:     layout_stronghold, erik_vaults_2, fedhas_altar_2,
          minmay_misc_feat_roman
D:15:     gammafunk_depths_entry_grave, layout_cave_pools,
          chequers_serial_rivers_micro_d, serial_rivers,
          chequers_serial_rivers_micro_b, chequers_serial_rivers_room_b,
          chequers_serial_rivers_micro_c, chequers_serial_rivers_marsh,
          chequers_serial_rivers_large_b, basic_altar
Temple:   nicolae_temple_figure_zero

Skill      XL: |  1  2  3  4  5  6  7  8  9 10 11 12 |
---------------+-------------------------------------+-----
Fighting       | 4 5 6 7 8 10 11 | 11.1
Axes           | 4 6 10 | 10.5
Maces & Flails | 1 3 4 5 7 9 |  9.0
Dodging        | 3 4 5 6 |  6.1
Armour         | 3 5 6 9 11 12 | 12.1
Stealth        | 1 2 |  2.5
Shields        | 1 2 4 |  4.0
Polearms       | 2 4 11 14 | 14.9

Action                   |  1- 3 |  4- 6 |  7- 9 | 10-12 || total
-------------------------+-------+-------+-------+-------++-------
Melee: Whip              |    36 |    90 |   258 |       ||   384
       Headbutt          |     6 |    22 |    85 |   116 ||   229
       Halberd           |       |       |     2 |   147 ||   149
       Trident           |       |       |    99 |    88 ||   187
       Glaive            |       |       |       |    87 ||    87
       Broad axe         |       |       |       |   194 ||   194
Invok: Trog's Hand       |       |       |     2 |     6 ||     8
       Berserk           |       |       |     1 |     5 ||     6
Armor: Animal skin       |     5 |       |       |       ||     5
       Ring mail         |       |    20 |    13 |       ||    33
       Chain mail        |       |       |   116 |       ||   116
       Plate armour      |       |       |       |   273 ||   273
Dodge: Dodged            |    36 |    46 |   143 |   401 ||   626
Block: Buckler           |     2 |    15 |    69 |    20 ||   106
